 Dungeon Crawl Stone Soup version 0.21-a0-404-g291f19a (webtiles) character file.

46 KristoblXynda the Slasher (level 3, -1/27 HPs)
             Began as a Vampire Gladiator on Oct 31, 2017.
             Slain by a worm (3 damage)
             ... on level 2 of the Dungeon.
             The game lasted 00:02:18 (1053 turns).

KristoblXynda the Slasher (Vampire Gladiator)       Turns: 1053, Time: 00:02:19

Health: -1/27      AC:  5    Str: 14    XL:     3   Next: 44%
Magic:  3/3        EV: 13    Int: 10    God:
Gold:   25         SH:  0    Dex: 15    Spells: 2/2 levels left

rFire    . . .     SeeInvis +   a - +0 long sword
rCold    + . .     Gourm    .   (no shield)
rNeg     + + .     Faith    .   b - +0 leather armour
rPois    +         Spirit   .   c - +0 helmet
rElec    .         Reflect  .   n - +0 cloak
rCorr    .         Harm     .   (no gloves)
MR       +....                  (no boots)
Stlth    ++........             (no amulet)
HPRegen  0.04/turn              g - ring of protection from magic
MPRegen  0.08/turn              (no ring)

@: regenerating slowly
A: fangs 3, see invisible, unbreathing
a: Bat Form


You were on level 2 of the Dungeon.
You were thirsty.

You visited 1 branch of the dungeon, and saw 2 of its levels.

You collected 25 gold pieces.

Inventory:

Hand Weapons
 a - a +0 long sword (weapon)
Missiles
 d - 3 throwing nets (quivered)
Armour
 b - a +0 leather armour (worn)
 c - a +0 helmet (worn)
 i - a +0 buckler
 n - a +0 cloak (worn)
Jewellery
 g - a ring of protection from magic (left hand)
 m - an uncursed ring of protection from cold {unknown}
Scrolls
 f - a scroll of teleportation {unknown}
 h - a scroll of noise {unknown}
 j - a scroll of immolation {unknown}
 k - a scroll of recharging {unknown}
 p - a scroll of identify {unknown}
Potions
 e - a potion of blood
 l - 2 potions of flight {unknown}
 o - a potion of agility {unknown}


   Skills:
 - Level 1.7 Fighting
 * Level 3.8 Long Blades
 - Level 2.0 Throwing
 + Level 3.7 Dodging
 + Level 0.5 Stealth


You had 2 spell levels left.
You didn't know any spells.

Dungeon Overview and Level Annotations

Branches:
Dungeon (2/15)

Altars:
Ashenzari


Innate Abilities, Weirdness & Mutations

You heal slowly.
You have razor-sharp teeth.
You have supernaturally acute eyesight. (SInv)
You can survive without breathing.


Message History

A bat comes into view.
Found a scroll labeled GAHOUN ZITS.
A worm comes into view.
The kobold shouts!
The kobold throws a stone.
The stone barely misses you.
The kobold throws a stone.
The stone closely misses you.
The kobold throws a stone.
The stone barely misses you.
The kobold throws a stone.
The stone hits you but does no damage.
You see here a stone.
The kobold hits you but does no damage. The worm bites you.
* * * LOW HITPOINT WARNING * * *
You barely miss the kobold. The bat closely misses you.
The kobold barely misses you. The kobold hits you but does no damage.
You barely miss the kobold. The bat misses you. The worm bites you.
* * * LOW HITPOINT WARNING * * *
The kobold closely misses you.
You barely miss the bat. The bat hits you.
* * * LOW HITPOINT WARNING * * *
The kobold hits you but does no damage. The worm bites you.
You die...

## ###......#####
.. +..............
## #.............#
#.....[.......#
#.............###
####'#.#..b.....##
#.#............
#.......w....#
##(...(@K....#
#..............#
#....>.........#
#..............#
#..?...#########
#......# #......#
#####..#


You could see a worm, a bat and a kobold.

Vanquished Creatures
  An adder (D:2)
  2 dart slugs
  A goblin (D:1)
  2 hobgoblins
  6 jackals
  5 kobolds
  3 ball pythons (D:1)
  5 bats
  5 frilled lizards
  3 rats
33 creatures vanquished.

Notes
Turn   | Place    | Note
-------+----------+-------------------------------------------
     0 | D:1      | KristoblXynda the Vampire Gladiator began the quest for the Orb.
     0 | D:1      | Reached XP level 1. HP: 16/16 MP: 1/1
   167 | D:1      | Reached XP level 2. HP: 17/22 MP: 2/2
   778 | D:2      | Found a shattered altar of Ashenzari.
   823 | D:2      | Reached XP level 3. HP: 26/27 MP: 3/3
  1053 | D:2      | Slain by a worm

Vault maps used:
D:1:      saegor_arrival_simple_e, minmay_shallow_snake_nest
D:2:      ashenzari_altar_1

Skill      XL: |  1  2 |
---------------+-------+-----
Throwing       | 2 |  2.0
Fighting       | |  1.7
Long Blades    | |  3.8
Dodging        | |  3.7
Stealth        | |  0.5

Action                   || total
-------------------------++-------
Melee: Long sword        ||    81
       Bite              ||     3
Armor: Leather armour    ||    43
Dodge: Dodged            ||   106
       Rpst.: Long sword ||    22

Table legend:
 A = Spawn XP
 B = Non-spawn XP
 C = Spawn XP percentage of total XP
 D = Spawn monster count
 E = Non-spawn monster count
 F = Spawn count percentage of total count
 G = Total turns spent on level
                    A         B        C        D         E        F      G
               +---------+---------+-------+---------+---------+-------+---------
         Total |       0 |      66 |   0.0 |       0 |      33 |   0.0 |  1053
               +---------+---------+-------+---------+---------+-------+---------
           D:1 |       0 |      30 |   0.0 |       0 |      18 |   0.0 |   692
           D:2 |       0 |      36 |   0.0 |       0 |      15 |   0.0 |   361
               +---------+---------+-------+---------+---------+-------+---------
